cohdb
Replays
Latest Replays
All Replays
Popular Replays
Top Player Replays
Match Explorer
How It Works
Community
CoH3 Stats
Reddit
Sign in to upload your games and track your stats! →
Sign in with Steam
Match 47268425
Unlisted
Match 47268425
Overview
Messages
Build Orders
End
Construct Section Command Post
Vickers Machine Gun Team
Infantry Section
Infantry Section
Selects Air and Sea Battlegroup
Grenade Package
Construct Field Infirmary
Selects Commando Section Paradrop
Commando Section Paradrop
Commando Section Paradrop
Construct Platoon Command Post
Unlock M3 Stuart Light Tanks
Commando Section Paradrop
Selects Commando Support Section Paradrop
M3 Stuart Light Tank
Commando Support Section Paradrop
Shingles
Gunshy
turbine
AbductedPug
0
0
Comments
sign in to comment!
No comments posted yet!